 Dungeon Crawl Stone Soup version 0.30-a0-305-g026cb31310 (webtiles) character file.

Game seed: 13842445680778188140

167 drewk1942 the Firebug (level 5, 0/31 HPs)
             Began as an Octopode Fire Elementalist on Oct 21, 2022.
             Succumbed to an orc wizard's poison
             ... on level 4 of the Dungeon.
             The game lasted 00:07:46 (2852 turns).

drewk1942 the Firebug (Octopode Fire Elementalist)  Turns: 2852, Time: 00:07:47

Health: 0/31       AC:  1    Str:  8    XL:     5   Next: 48%
Magic:  5/9        EV: 13    Int: 19    God:
Gold:   65         SH:  0    Dex: 12    Spells: 8/9 levels left

rFire   x . .      SeeInvis .    e - +0 dagger
rCold   + . .      Faith    .    (no shield)
rNeg    + . .      Spirit   .    (helmet restricted)
rPois   .          Reflect  .    (no amulet)
rElec   .          Harm     .    l - ring of ice
rCorr   .          Rampage  .    o - ring of positive energy
Will    .....                    (no ring)
Stlth   +++.......               (no ring)
HPRegen 0.25/turn                (no ring)
MPRegen 0.11/turn                (no ring)
                                 (no ring)
                                 (no ring)

@: lethally poisoned (0 -> -1), hasted, very quick
A: almost no armour, amphibious, 8 rings, camouflage 1, gelatinous body 1,
(nimble swimmer 1), tentacles
a: no special abilities


You were on level 4 of the Dungeon.
You visited 1 branch of the dungeon, and saw 4 of its levels.

You collected 89 gold pieces.
You spent 24 gold pieces at shops.

Inventory:

Hand Weapons
 e - a +0 dagger (weapon)
Missiles
 n - a throwing net
Jewellery
 l - a ring of ice (left tentacle)
 o - a ring of positive energy (right tentacle)
Scrolls
 b - a scroll of noise
 c - 3 scrolls of enchant armour {unknown}
 f - 2 scrolls of identify
 h - 2 scrolls of butterflies {unknown}
 k - a scroll of poison {unknown}
 m - a scroll of blinking {unknown}
Potions
 a - a potion of magic
 g - a potion of invisibility {unknown}
 i - a potion of haste
 j - a potion of ambrosia {unknown}


   Skills:
 + Level 0.1 Short Blades
 - Level 2.0 Dodging
 * Level 4.2 Stealth
 + Level 2.8 Spellcasting
 + Level 2.2 Conjurations
 * Level 4.4 Fire Magic


You had 8 spell levels left.
You knew the following spells:

 Your Spells              Type           Power      Damage    Failure   Level
a - Foxfire               Conj/Fire      60%        2x1d7     4%          1

Your spell library contained the following spells:

 Spells                   Type           Power      Damage    Failure   Level
 Scorch                   Fire           38%        2d6       3%          2
 Magic Dart               Conj           44%        1d5       6%          1
 Necrotise                Necr           8%         1d4       16%         1
 Inner Flame              Hex/Fire       11%        N/A       19%         3
 Call Imp                 Summ           2%         N/A       24%         2
 Kindle Blastsparks       Fire/Tloc/Air  16%        2d11      26%         3
 Dazzling Flash           Conj/Hex       14%        N/A       28%         3
 Mephitic Cloud           Conj/Pois/Air  5%         N/A       34%         3
 Flame Wave               Conj/Fire      15%        2d7       36%         4
 Vampiric Draining        Necr           2%         2d6       43%         3
 Iskenderun's Mystic Bla  Conj/Tloc      7%         2d4       67%         4
 Agony                    Necr           2%         N/A       99%         5
 Starburst                Conj/Fire      7%         6d4       99%         6


Dungeon Overview and Level Annotations

Branches:
Dungeon (4/15)
 Temple: D:4-7

Altars:

Shops:
D:1 :   D:2 ?(!:(


Innate Abilities, Weirdness & Mutations

You cannot wear most types of armour.
You are amphibious.
You can wear up to eight rings at the same time.
Your skin changes colour to match your surroundings (Stealth+).
Your rubbery body absorbs attacks. (AC +1, EV +1)
((You are camouflaged when in or above water. (Stealth+)))
You have tentacles for arms and can constrict up to eight enemies at once.


Message History

The orc wizard completely misses you.
You feel sick.
The orc wizard attacks as you move away!
The orc wizard hits you with a +1 dagger of venom.
* * * LOW HITPOINT WARNING * * *
You are more poisoned.
* * * LOW HITPOINT WARNING * * *
You feel very sick.
You feel much better.
You feel very sick. The orc wizard closely misses you.
You feel sick. The orc wizard casts a spell at you.
The puff of flame misses you.
You feel sick.
You are too injured to fight recklessly!
Casting: Foxfire (safe; 4% risk of failure)
Confirm with . or Enter, or press ? or * to list all spells.
You conjure some foxfire!
You feel sick.
Casting: Foxfire (safe; 4% risk of failure)
Confirm with . or Enter, or press ? or * to list all spells.
You conjure some foxfire!
You feel sick.
The foxfire hits the orc wizard.
The orc wizard is heavily wounded.
Casting: Foxfire (safe; 4% risk of failure)
Confirm with . or Enter, or press ? or * to list all spells.
You conjure some foxfire!
You feel sick.
The foxfire hits the orc wizard but does no damage.
The orc wizard is heavily wounded.
The foxfire hits the orc wizard.
The orc wizard is heavily wounded.
The foxfire hits the orc wizard.
The orc wizard is severely wounded.
The orc wizard barely misses you.
The foxfire hits the orc priest but does no damage.
Your foxfire dissipates!
You feel sick.
The orc wizard points at you and mumbles some strange words.
The puff of flame hits you. The fire burns you terribly!
* * * LOW HITPOINT WARNING * * *
It was a potion of haste.
You feel yourself speed up.
You die...

# ##.###.# #.#
##)..# #.# ##.##
#.# #.# #.# #.#
#.# #.#########.#
#<....oo.##.#
#######...#.#
#.@...# #...###
##.## ##.#######
#........#
#########.#####.#
######
..........# #.#
#.....
########### ##.##
#.####
##...####.# #


You could see an orc priest and an orc wizard.

Vanquished Creatures
  2 orc wizards (D:4)
  5 adders
  A dart slug (D:3)
  6 orcs
  5 endoplasms
  2 giant cockroaches
  7 goblins
  7 hobgoblins
  2 jackals (D:3)
  4 kobolds
  4 quokkas
  5 ball pythons
  3 bats
  7 frilled lizards
  6 rats
66 creatures vanquished.

Vanquished Creatures (others)
  101 foxfires
101 creatures vanquished.

Grand Total: 167 creatures vanquished

Notes
Turn   | Place    | Note
-------+----------+-------------------------------------------
     0 | D:1      | drewk1942 the Octopode Fire Elementalist began the quest
                  | for the Orb.
     0 | D:1      | Reached XP level 1. HP: 11/11 MP: 3/3
   275 | D:1      | Reached XP level 2. HP: 17/17 MP: 5/5
   277 | D:1      | Found Losian's Vocational Training.
   628 | D:1      | Reached XP level 3. HP: 21/21 MP: 6/6
   955 | D:2      | Found Jeprekit's Book Shop.
   987 | D:2      | Found Ceceiph's Distillery.
  1117 | D:2      | Found Impourep's Magic Scroll Shoppe.
  1125 | D:2      | Bought a scroll of identify for 24 gold pieces
  1174 | D:2      | Found Yguemnuy's Weapon Shoppe.
  1222 | D:2      | Reached XP level 4. HP: 27/27 MP: 7/7
  1296 | D:2      | Found Custruh's Weapon Shop.
  2018 | D:3      | Found a faded altar of an unknown god.
  2614 | D:4      | Reached XP level 5. HP: 31/31 MP: 0/9
  2844 | D:4      | HP: 1/31 [poisoned by an orc wizard]
  2851 | D:4      | HP: 1/31 [orc wizard/puff of flame (6)]
  2852 | D:4      | Succumbed to an orc wizard's poison

Illustrated notes

Levels and vault maps discovered:
D:1:      eino_arrival_druids_welcome, layout_loops_ring, minmay_liquid_box,
          minmay_misc_feat_doors, nicolae_shop_vocational
D:2:      layout_loops_ring, serial_shops, nicolae_shop_hallway_stairs,
          nicolae_shop_bloodbath_and_beyond, nicolae_shop_hallway_stairs, shop,
          shop
D:3:      layout_loops_corners, shapermc_ecumenical_altar_notcrosses
D:4:      layout_loops_ring

Skill      XL: |  1  2  3  4 |
---------------+-------------+-----
Stealth        | 3 4 |  4.2
Conjurations   | 2 |  2.2
Fire Magic     | 4 |  4.4
Short Blades   | |  0.1
Dodging        | |  2.0
Spellcasting   | |  2.8

Action                   |  1- 3 |  4- 6 || total
-------------------------+-------+-------++-------
Melee: Unarmed           |    11 |       ||    11
       Tentacles         |     8 |     6 ||    14
       Constrict         |     6 |    11 ||    17
       Dagger            |    27 |    43 ||    70
       Punch             |     1 |       ||     1
 Cast: Foxfire           |    30 |    37 ||    67
  Use: Scroll            |     2 |       ||     2
       Potion            |       |     3 ||     3
 Stab: Sleeping          |     8 |     8 ||    16
Armor: Skin              |     3 |     2 ||     5
Dodge: Dodged            |    24 |    39 ||    63

Table legend: (Time is in decaauts)
 A = Elapsed time spent in this place.
 B = Non-inter-level travel time spent in this place.
 C = Inter-level travel time spent in this place.
 D = Time resting spent in this place.
 E = Time spent auto-exploring this place.
 F = Levels seen in this place.
 G = Mean time per level.
                   A        B        C        D        E       F      G
               +--------+--------+--------+--------+--------+-----+--------+
         Total |   2849 |   2773 |     76 |      0 |   2343 |   4 |  712.2 |
       Dungeon |   2849 |   2773 |     76 |      0 |   2343 |   4 |  712.2 |
               +--------+--------+--------+--------+--------+-----+--------+

Top non-repeatable levels by time:
     D:2: 921 daAuts
     D:3: 907 daAuts
     D:1: 767 daAuts
     D:4: 253 daAuts
